BR
ATLANTIC CITY WAR DOGS @ PALMYRA OVERLORDS
09/19/2026
 
TOP OF THE 1ST
Boise White Sox batting - Pitching for Palmyra Overlords : RHP Jason MacKnight
Pitching: RHP Jason MacKnight
Batting: SHB António Ramos 0-0: Swinging Strike
0-1: Foul Ball, location: 2F
0-2: Foul Ball, location: 2F
0-2: Foul Ball, location: 2F
0-2: Ground out 5-3 (Groundball, 5)
Batting: RHB Armando Vega 0-0: Called Strike
0-1: Ball
1-1: Foul Ball, location: 2F
1-2: Ball
2-2: Foul Ball, location: 2F
2-2: Foul Ball, location: 2F
2-2: DOUBLE (Line Drive, 7LD)
Batting: LHB Jorge Martínez 0-0: Foul Ball, location: 2F
0-1: Foul Ball, location: 2F
0-2: Ball
1-2: Foul Ball, location: 2F
1-2: Ball
2-2: Fly out, F8 (Line Drive, 8RM)
Batting: SHB Norberto Muńóz 0-0: Ball
1-0: Called Strike
1-1: Swinging Strike
1-2: Strikes out swinging
Top of the 1st over - 0 run(s), 1 hit(s), 0 error(s), 1 left on base; Boise 0 - Palmyra 0
BOTTOM OF THE 1ST
Palmyra Overlords batting - Pitching for Boise White Sox : LHP Clarence Gill
Pitching: LHP Clarence Gill
Batting: LHB Dennis McConnell 0-0: Foul Ball, location: 2F
0-1: Called Strike
0-2: Strikes out swinging
Batting: LHB Júlio Lorenzo 0-0: Ball
1-0: Ball
2-0: Hit by Pitch
Batting: RHB Jaime Rodríguez 0-0: Grounds into double play, 1-6-3 (Groundball, 15)
Bottom of the 1st over - 0 run(s), 0 hit(s), 0 error(s), 0 left on base; Boise 0 - Palmyra 0
TOP OF THE 2ND
Boise White Sox batting - Pitching for Palmyra Overlords : RHP Jason MacKnight
Batting: RHB Clarence Harrison 0-0: Ground out 6-3 (Groundball, 6)
Batting: LHB Francisco Chavero 0-0: Ball
1-0: Called Strike
1-1: Ball
2-1: Foul Ball, location: 2F
2-2: Strikes out looking
Batting: RHB Robert Koremans 0-0: Foul Ball, location: 2F
0-1: Swinging Strike
0-2: Foul Ball, location: 2F
0-2: Ball
1-2: SINGLE (Groundball, 56)
Batting: RHB Jason Nava 0-0: Called Strike
0-1: Ball
1-1: Foul Ball, location: 2F
1-2: Ball
2-2: Ball
3-2: Base on Balls
Robert Koremans to second
Batting: LHB Randy Wiggins 0-0: Called Strike
0-1: Ground out 3-1 (Groundball, 3)
Top of the 2nd over - 0 run(s), 1 hit(s), 0 error(s), 2 left on base; Boise 0 - Palmyra 0
BOTTOM OF THE 2ND
Palmyra Overlords batting - Pitching for Boise White Sox : LHP Clarence Gill
Batting: RHB José Ortega 0-0: Ball
1-0: Called Strike
1-1: Ball
2-1: Ground out 6-3 (Groundball, 6)
Batting: RHB Lúcio Alfaro 0-0: Called Strike
0-1: Ball
1-1: Ball
2-1: Swinging Strike
2-2: Foul Ball, location: 2F
2-2: Strikes out swinging
Batting: LHB Jeff West 0-0: Ball
1-0: Ball
2-0: Foul Ball, location: 2F
2-1: Foul Ball, location: 2F
2-2: Reached on error, E3 (Groundball, 34)
Batting: RHB David Rodríguez 0-0: Ball
1-0: Swinging Strike
1-1: Foul Ball, location: 2F
1-2: Foul Ball, location: 2F
1-2: Strikes out swinging
Bottom of the 2nd over - 0 run(s), 0 hit(s), 1 error(s), 1 left on base; Boise 0 - Palmyra 0
TOP OF THE 3RD
Boise White Sox batting - Pitching for Palmyra Overlords : RHP Jason MacKnight
Batting: SHB António Ramos 0-0: Called Strike
0-1: Ground out 4-3 (Groundball, 34)
Batting: RHB Armando Vega 0-0: Ball
1-0: Ground out 5-3 (Groundball, 56S)
Batting: LHB Jorge Martínez 0-0: SINGLE (Groundball, 4MD)
Batting: SHB Norberto Muńóz 0-0: Ball
1-0: Foul Ball, location: 2F
1-1: Ball
Jorge Martínez steals 2nd base
2-1: Foul Ball, location: 2F
2-2: Strikes out swinging
Top of the 3rd over - 0 run(s), 1 hit(s), 0 error(s), 1 left on base; Boise 0 - Palmyra 0
BOTTOM OF THE 3RD
Palmyra Overlords batting - Pitching for Boise White Sox : LHP Clarence Gill
Batting: LHB Ryan Flynn 0-0: Ground out U3 (Groundball, 3L)
Batting: RHB Edmund Swanson 0-0: Called Strike
0-1: Ball
1-1: Fly out, F7 (Flyball, 7M)
Batting: LHB Dennis McConnell 0-0: Swinging Strike
0-1: Ball
1-1: Ball
2-1: Called Strike
2-2: Foul Ball, location: 2F
2-2: Ball
3-2: Foul Ball, location: 2F
3-2: Base on Balls
Batting: LHB Júlio Lorenzo 0-0: Swinging Strike
0-1: Ball
1-1: Ball
2-1: Foul Ball, location: 2F
2-2: Ball
3-2: Foul Ball, location: 2F
3-2: Foul Ball, location: 2F
3-2: Foul Ball, location: 2F
3-2: Base on Balls
Dennis McConnell to second
Batting: RHB Jaime Rodríguez 0-0: Ball
1-0: Ball
2-0: Ground out 5-3 (Groundball, 5)
Bottom of the 3rd over - 0 run(s), 0 hit(s), 0 error(s), 2 left on base; Boise 0 - Palmyra 0
TOP OF THE 4TH
Boise White Sox batting - Pitching for Palmyra Overlords : RHP Jason MacKnight
Batting: RHB Clarence Harrison 0-0: Ball
1-0: Called Strike
1-1: Foul Ball, location: 2F
1-2: Ground out 4-3 (Groundball, 4)
Batting: LHB Francisco Chavero 0-0: SINGLE (Line Drive, 6MD)
Batting: RHB Robert Koremans 0-0: Ball
1-0: Ball
2-0: 2-RUN HOME RUN (Line Drive, 89XD), Distance : 432 ft
Batting: RHB Jason Nava 0-0: Swinging Strike
0-1: Called Strike
0-2: SINGLE (Groundball, 6MD)
Batting: LHB Randy Wiggins 0-0: Called Strike
0-1: Swinging Strike
0-2: Ball
1-2: Foul Ball, location: 2F
1-2: Ball
2-2: Foul Ball, location: 2F
2-2: Foul Ball, location: 2F
2-2: 2-RUN HOME RUN (Flyball, 9D), Distance : 406 ft
Batting: SHB António Ramos 0-0: Ball
1-0: Ball
2-0: Foul Ball, location: 2F
2-1: Swinging Strike
2-2: Strikes out swinging
Batting: RHB Armando Vega 0-0: Ball
1-0: Called Strike
1-1: Ground out 1-3 (Groundball, 15)
Top of the 4th over - 4 run(s), 4 hit(s), 0 error(s), 0 left on base; Boise 4 - Palmyra 0
BOTTOM OF THE 4TH
Palmyra Overlords batting - Pitching for Boise White Sox : LHP Clarence Gill
Batting: RHB José Ortega 0-0: Called Strike
0-1: Ball
1-1: Ball
2-1: Ball
3-1: Fly out, F8 (Line Drive, 8RS)
Batting: RHB Lúcio Alfaro 0-0: Ground out 5-3 (Groundball, 56)
Batting: LHB Jeff West 0-0: Called Strike
0-1: Fly out, F8 (Flyball, 78M)
Bottom of the 4th over - 0 run(s), 0 hit(s), 0 error(s), 0 left on base; Boise 4 - Palmyra 0
TOP OF THE 5TH
Boise White Sox batting - Pitching for Palmyra Overlords : RHP Jason MacKnight
Batting: LHB Jorge Martínez 0-0: Foul Ball, location: 2F
0-1: Ball
1-1: Called Strike
1-2: Strikes out looking
Pitching: RHP Yuan Si-ma
Batting: SHB Norberto Muńóz 0-0: Ball
1-0: Called Strike
1-1: Foul Ball, location: 2F
1-2: Ball
2-2: Fly out, F5 (Popup, 5SF)
Batting: RHB Clarence Harrison 0-0: Ball
1-0: Ball
2-0: Reached on error, E5 (Groundball, 5S)
Batting: LHB Francisco Chavero 0-0: Called Strike
0-1: Foul Ball, location: 2F
0-2: Ball
1-2: Fly out, F8 (Flyball, 8RD)
Top of the 5th over - 0 run(s), 0 hit(s), 1 error(s), 1 left on base; Boise 4 - Palmyra 0
BOTTOM OF THE 5TH
Palmyra Overlords batting - Pitching for Boise White Sox : LHP Clarence Gill
Batting: RHB David Rodríguez 0-0: Foul Ball, location: 2F
0-1: SINGLE (Line Drive, 7S)
Batting: LHB Ryan Flynn 0-0: Ball
1-0: Foul Ball, location: 2F
1-1: Foul Ball, location: 2F
1-2: Ball
2-2: Ball
3-2: Ground out 4-3 (Groundball, 4M)
David Rodríguez to second
Batting: RHB Edmund Swanson 0-0: SINGLE (Groundball, 34D)
David Rodríguez to third
Runner from 3rd tries for Home, SAFE, throw made home
Batting: LHB Dennis McConnell 0-0: Called Strike
0-1: Ball
1-1: Ball
2-1: Ball
3-1: Base on Balls
Edmund Swanson to second
Batting: LHB Júlio Lorenzo 0-0: Reached on error, E6 (Groundball, 6)
Edmund Swanson to third
Dennis McConnell to second
Batting: RHB Jaime Rodríguez 0-0: Foul Ball, location: 2F
0-1: Foul Ball, location: 2F
0-2: Ball
1-2: Grounds into double play, 6-4-3 (Groundball, 6M)
Bottom of the 5th over - 1 run(s), 2 hit(s), 1 error(s), 2 left on base; Boise 4 - Palmyra 1
TOP OF THE 6TH
Boise White Sox batting - Pitching for Palmyra Overlords : RHP Yuan Si-ma
Batting: RHB Robert Koremans 0-0: Called Strike
0-1: Ball
1-1: Called Strike
1-2: Ball
2-2: Strikes out swinging
Batting: RHB Jason Nava 0-0: Ball
1-0: Ball
2-0: Fly out, F4 (Popup, 34)
Batting: LHB Randy Wiggins 0-0: Called Strike
0-1: Swinging Strike
0-2: Ball
1-2: Strikes out swinging
Top of the 6th over - 0 run(s), 0 hit(s), 0 error(s), 0 left on base; Boise 4 - Palmyra 1
BOTTOM OF THE 6TH
Palmyra Overlords batting - Pitching for Boise White Sox : LHP Clarence Gill
Batting: RHB José Ortega 0-0: Ball
1-0: Ball
2-0: Ball
3-0: Base on Balls
Pitching: RHP Mike Alexander
Batting: RHB Lúcio Alfaro 0-0: Swinging Strike
0-1: Called Strike
0-2: Foul Ball, location: 2F
0-2: Fly out, F9 (Flyball, 9M)
Batting: LHB Jeff West 0-0: Fielders Choice at 2nd, 3-6 (Groundball, 3)
Batting: RHB David Rodríguez 0-0: Called Strike
0-1: Foul Ball, location: 2F
0-2: Strikes out swinging
Bottom of the 6th over - 0 run(s), 0 hit(s), 0 error(s), 1 left on base; Boise 4 - Palmyra 1
TOP OF THE 7TH
Boise White Sox batting - Pitching for Palmyra Overlords : RHP Yuan Si-ma
Batting: SHB António Ramos 0-0: Ball
1-0: Ball
2-0: Foul Ball, location: 2F
2-1: Foul Ball, location: 2F
2-2: Ball
3-2: Strikes out looking
Pitching: LHP Ánibal Barajas
Batting: RHB Armando Vega 0-0: Ball
1-0: Foul Ball, location: 2F
1-1: Ball
2-1: Called Strike
2-2: SINGLE (Line Drive, 8LS)
Batting: LHB Jorge Martínez 0-0: Swinging Strike
0-1: Ball
1-1: Called Strike
1-2: Strikes out swinging
Batting: SHB Norberto Muńóz 0-0: Ball
1-0: Called Strike
Pickoff Throw to First - Out!
Top of the 7th over - 0 run(s), 1 hit(s), 0 error(s), 0 left on base; Boise 4 - Palmyra 1
BOTTOM OF THE 7TH
Palmyra Overlords batting - Pitching for Boise White Sox : RHP Mike Alexander
Batting: LHB Ryan Flynn 0-0: Called Strike
0-1: Foul Ball, location: 2F
0-2: Foul Ball, location: 2F
0-2: Ball
1-2: Foul Ball, location: 2F
1-2: Ball
2-2: Foul Ball, location: 2F
2-2: Ball
3-2: Foul Ball, location: 2F
3-2: Base on Balls
Batting: RHB Edmund Swanson 0-0: Called Strike
Ryan Flynn steals 2nd base
0-1: Ball
1-1: SINGLE (Groundball, 34D)
Ryan Flynn to third
Runner from 3rd tries for Home, SAFE, no throw or cutoff
Batting: LHB Dennis McConnell 0-0: Ball
1-0: Ball
2-0: Ball
Wild Pitch!
Edmund Swanson to second
3-0: Base on Balls
Batting: LHB Júlio Lorenzo 0-0: Called Strike
0-1: Ball
1-1: Called Strike
1-2: Foul Ball, location: 2F
1-2: Ball
2-2: Fly out, F7 (Flyball, 7M)
Batting: RHB Jaime Rodríguez 0-0: Ball
1-0: Ball
2-0: DOUBLE (Line Drive, 7LM)
Edmund Swanson scores
Dennis McConnell to third
Batting: RHB José Ortega 0-0: Ground out U3 (Groundball, 3S)
Batting: RHB Lúcio Alfaro 0-0: Ball
1-0: Swinging Strike
1-1: Swinging Strike
1-2: Foul Ball, location: 2F
1-2: Ball
2-2: Fly out, F4 (Popup, 34)
Bottom of the 7th over - 2 run(s), 2 hit(s), 0 error(s), 2 left on base; Boise 4 - Palmyra 3
TOP OF THE 8TH
Boise White Sox batting - Pitching for Palmyra Overlords : LHP Ánibal Barajas
Batting: SHB Norberto Muńóz 0-0: Called Strike
0-1: Ball
1-1: Ball
2-1: Ball
3-1: Called Strike
3-2: SINGLE (Groundball, 6)
Pinch Hitting: RHB Roberto Ybarra 0-0: Foul Ball, location: 2F
0-1: Fly out, F7 (Flyball, 7LD)
Batting: LHB Francisco Chavero 0-0: Fly out, F8 (Flyball, 8LM)
Batting: RHB Robert Koremans 0-0: Called Strike
0-1: Ground out 6-3 (Groundball, 6)
Top of the 8th over - 0 run(s), 1 hit(s), 0 error(s), 1 left on base; Boise 4 - Palmyra 3
BOTTOM OF THE 8TH
Palmyra Overlords batting - Pitching for Boise White Sox : RHP Mike Alexander
Pitching: RHP Jim Rawnsley
Now at SS: Armando Bernard
Batting: LHB Jeff West 0-0: Ball
1-0: Ball
2-0: Called Strike
2-1: Foul Ball, location: 2F
2-2: Ground out 1-3 (Groundball, 23)
Batting: RHB David Rodríguez 0-0: Called Strike
0-1: Ball
1-1: Swinging Strike
1-2: Ball
2-2: Ball
3-2: Base on Balls
Pitching: LHP Anthony Blackwell
Pinch Runner at 1st Rubén Martínez:
Pinch Hitting: RHB Carlos López 0-0: Ball
1-0: Called Strike
1-1: Foul Ball, location: 2F
1-2: Ball
2-2: Ball
3-2: Strikes out looking
Pitching: RHP Bernardo Herrera
Pinch Hitting: LHB Roberto Rodríguez 0-0: Foul Ball, location: 2F
0-1: Ball
1-1: Ball
2-1: SINGLE (Flyball, 89M)
Rubén Martínez to second
Runner from 2nd tries for 3rd, SAFE, throw made to third
Roberto Rodríguez to second
Batting: LHB Dennis McConnell 0-0: Ball
1-0: Ball
2-0: Ball
3-0: Called Strike
3-1: Foul Ball, location: 2F
3-2: SINGLE (Groundball, 34D) (infield hit)
Rubén Martínez scores
Roberto Rodríguez to third
Batting: LHB Júlio Lorenzo 0-0: Ball
1-0: Ball
2-0: Fly out, F7 (Line Drive, 78M)
Bottom of the 8th over - 1 run(s), 2 hit(s), 0 error(s), 2 left on base; Boise 4 - Palmyra 4
TOP OF THE 9TH
Boise White Sox batting - Pitching for Palmyra Overlords : LHP Ánibal Barajas
Pitching: LHP Jorge Torres
Now at 3B: Matt Thompson
Now at SS: José Rincón
Now in RF: Rubén Martínez
Pinch Hitting: RHB Marcos Lińares 0-0: TRIPLE (Line Drive, 9LM)
Batting: LHB Randy Wiggins 0-0: Ball
1-0: Ball
2-0: Called Strike
2-1: Ball
3-1: Base on Balls
Batting: SHB António Ramos 0-0: Ball
1-0: Foul Ball, location: 2F
1-1: Ground out 5-3 (Groundball, 5S)
Randy Wiggins to second
Pinch Hitting: RHB Jorge Barrios 0-0: Called Strike
0-1: SINGLE (Groundball, 4MD)
Marcos Lińares scores
Randy Wiggins to third
Runner from 3rd tries for Home, SAFE, no throw or cutoff
Pitching: RHP Paul Orr
Batting: LHB Jorge Martínez 0-0: Called Strike
0-1: Called Strike
0-2: Ball
1-2: Fly out, F4 (Line Drive, 4)
Batting: SHB Norberto Muńóz 0-0: Ball
1-0: Called Strike
1-1: Swinging Strike
1-2: Ball
2-2: Ball
3-2: Base on Balls
Jorge Barrios to second
Pinch Hitting: LHB Patrick Ferguson 0-0: Ball
1-0: Fly out, F7 (Popup, 7LS)
Top of the 9th over - 2 run(s), 2 hit(s), 0 error(s), 2 left on base; Boise 6 - Palmyra 4
BOTTOM OF THE 9TH
Palmyra Overlords batting - Pitching for Boise White Sox : RHP Bernardo Herrera
Pitching: RHP Juan Figueroa
Now at 2B: Marcos Lińares
Now at 3B: Don Miller
Now at SS: Dennis House
Batting: RHB Jaime Rodríguez 0-0: Called Strike
0-1: Ball
1-1: Ball
2-1: Swinging Strike
2-2: Strikes out swinging
Batting: RHB José Ortega 0-0: Called Strike
0-1: Ball
1-1: SINGLE (Line Drive, 9LS)
Batting: RHB Lúcio Alfaro 0-0: Foul Ball, location: 2F
0-1: Ball
1-1: Swinging Strike
1-2: Strikes out swinging
Batting: LHB Jeff West 0-0: Called Strike
0-1: Swinging Strike
0-2: Ball
1-2: Foul Ball, location: 2F
1-2: Strikes out looking
Bottom of the 9th over - 0 run(s), 1 hit(s), 0 error(s), 1 left on base; Boise 6 - Palmyra 4
Monday, December 5th, 2016 - OOTP Baseball 17.12 Build 75